 Dungeon Crawl Stone Soup version 0.26-a0-712-ga5a9c9c9d0 (webtiles) character file.

Game seed: 14811643831308062683

367 kae the Insei (level 6, -2/41 HPs)
             Began as an Octopode Transmuter on Nov 10, 2020.
             Splashed by Ijyb's acid (10 damage)
             ... on level 3 of the Dungeon.
             The game lasted 00:01:44 (3329 turns).

kae the Insei (Octopode Transmuter)                 Turns: 3329, Time: 00:01:44

Health: -2/41      AC: -3    Str: 11    XL:     6   Next: 69%
Magic:  10/10      EV: 14    Int: 16    God:
Gold:   85         SH:  0    Dex: 12    Spells: 7/11 levels left

rFire    . . .     SeeInvis .   c - +1 short sword (venom)
rCold    . . .     Faith    .   (no shield)
rNeg     . . .     Spirit   .   (helmet currently unavailable)
rPois    .         Reflect  .   (no amulet)
rElec    .         Harm     .   (no ring)
rCorr    .         Rampage  .   (no ring)
MR       .....     Clarity  +   (no ring)
Stlth    ++........             (no ring)
HPRegen  0.13/turn              (no ring)
MPRegen  0.12/turn              (no ring)
                                (no ring)
                                (no ring)

@: appendages (expiring), corroded
A: almost no armour, stealthy swim, amphibious, 8 rings, constrict 8, tentacle
spike 3, camouflage 1, clarity, gelatinous body 1, evolution 1
a: End Transformation


You were on level 3 of the Dungeon.
One of your tentacles had a temporary spike.
You visited 1 branch of the dungeon, and saw 3 of its levels.

You collected 85 gold pieces.

Inventory:

Hand Weapons
 c - a +1 short sword of venom (weapon)
Jewellery
 b - a +6 ring of dexterity {unknown}
 h - an uncursed ring of fire {unknown}
Wands
 g - a wand of random effects (11)
Scrolls
 a - 3 scrolls of teleportation {unknown}
 d - a scroll of random uselessness {unknown}
 e - a scroll of identify {unknown}
 f - 3 scrolls of magic mapping {unknown}
Potions
 i - a potion of cancellation
 j - 3 potions of curing
 l - a potion of berserk rage {unknown}
 m - a potion of flight {unknown}


   Skills:
 + Level 2.5 Fighting
 + Level 3.1 Dodging
 * Level 4.6 Unarmed Combat
 - Level 3.0 Spellcasting
 * Level 3.9 Transmutations


You had 7 spell levels left.
You knew the following spells:

 Your Spells              Type           Power        Failure   Level
a - Beastly Appendage     Tmut           ###...       3%          1
b - Spider Form           Tmut/Pois      #.........   26%         3

Your spell library contained the following spells:

 Spells                   Type           Power        Failure   Level
 Wereblood                Tmut           ###.....     5%          2
 Ice Form                 Ice/Tmut       #.......     63%         4
 Blade Hands              Tmut           ###.......   71%         5


Dungeon Overview and Level Annotations

Branches:
Dungeon (3/15)

Altars:

Annotations:
D:3 Ijyb


Innate Abilities, Weirdness & Mutations

You cannot wear most types of armour.
You are very stealthy in the water. (Stealth+)
You are amphibious.
You can wear up to eight rings at the same time.
You can use your tentacles to constrict eight enemies at once.
Your skin changes colour to match your surroundings (Stealth+).
Your rubbery body absorbs attacks. (AC +1, EV +1)
One of your tentacles bears a large vicious spike.
You possess an exceptional clarity of mind.
You evolve.


Message History

Confirm with . or Enter, or press ? or * to list all spells.
One of your tentacles grows a vicious spike.
Ijyb the Twisted Goblin comes into view.
She is wielding a -2 dagger, wearing a +2 ring mail of poison resistance and carrying a wand of acid (6).
Your transformation is almost over.
Ijyb shouts!
The rat bites you.
Ijyb drinks a potion.
Ijyb seems to speed up.
You hit the rat.
You kill the rat!
Ijyb zaps a wand.
The bolt of acid misses you.
Ijyb is nearby!
Ijyb is nearby!
Ijyb zaps a wand.
The bolt of acid hits you!!
Ouch! That really hurt!
You are splashed with acid!
* * * LOW HITPOINT WARNING * * *
You are too injured to fight recklessly!
You feel much better.
Ijyb zaps a wand.
The bolt of acid hits you!!
* * * LOW HITPOINT WARNING * * *
The acid corrodes you!
You are splashed with acid!
You die...

### ## #.#
..#####.#####
...........#
#....)....#
#.........#
#.........#
#......[$.#
####....@....#
#########.........g..#
..........##.[.......#
................>....#
############.........#
...# ##...##$### ...#
###...... ...# ###....
...# ..


You could see Ijyb (fast).

Vanquished Creatures
  Grinder (D:3)
  Natasha (thrice) (D:2)
  4 adders
  An ooze (D:3)
  A worm (D:3)
  3 dart slugs
  A leopard gecko (D:2)
  2 giant cockroaches (D:1)
  2 goblins
  5 hobgoblins
  7 jackals
  6 kobolds
  A quokka (D:2)
  2 ball pythons
  7 bats
  2 frilled lizards
  A jackal skeleton (D:3)
  4 rats
53 creatures vanquished.

Notes
Turn   | Place    | Note
-------+----------+-------------------------------------------
     0 | D:1      | kae the Octopode Transmuter began the quest for the Orb.
     0 | D:1      | Reached XP level 1. HP: 13/13 MP: 3/3
   227 | D:1      | Reached XP level 2. HP: 12/18 MP: 3/5
   768 | D:1      | Reached XP level 3. HP: 19/23 MP: 6/6
   773 | D:1      | Learned a level 3 spell: Spider Form
  1950 | D:2      | Reached XP level 4. HP: 28/28 MP: 5/7
  2065 | D:2      | Noticed Natasha
  2069 | D:2      | Killed Natasha
  2291 | D:2      | Noticed Natasha
  2297 | D:2      | Killed Natasha
  2297 | D:2      | Reached XP level 5. HP: 21/34 MP: 7/9
  2525 | D:2      | Noticed Natasha
  2533 | D:2      | Killed Natasha
  2795 | D:3      | Noticed Grinder
  2802 | D:3      | Gained mutation: You evolve. [potion of mutation]
  2802 | D:3      | Gained mutation: You possess an exceptional clarity of
                  | mind. [potion of mutation]
  2806 | D:3      | Paralysed by Grinder for 5 turns
  2826 | D:3      | Paralysed by Grinder for 4 turns
  2839 | D:3      | Killed Grinder
  2839 | D:3      | Reached skill level 4 in Unarmed Combat
  2839 | D:3      | Reached XP level 6. HP: 15/41 MP: 10/10
  3324 | D:3      | Noticed Ijyb
  3329 | D:3      | Splashed by Ijyb's acid

Illustrated notes

Levels and vault maps discovered:
D:1:      wheals_arrival_shading, layout_basic, solitary_fountain
D:2:      layout_basic, uniq_natasha
D:3:      layout_rooms, uniq_ijyb, uniq_grinder

Skill      XL: |  1  2  3  4  5 |
---------------+----------------+-----
Transmutations | 3 |  3.9
Spellcasting   | 3 |  3.0
Fighting       | 2 |  2.5
Dodging        | 3 |  3.1
Unarmed Combat | 4 |  4.6

Action                   |  1- 3 |  4- 6 || total
-------------------------+-------+-------++-------
Melee: Unarmed           |    19 |       ||    19
       Kick              |    13 |     6 ||    19
       Constrict         |    24 |    14 ||    38
       Short sword       |    53 |    49 ||   102
       Tentacles         |     6 |     5 ||    11
 Cast: Beastly Appendage |    15 |     8 ||    23
  Use: Potion            |       |     5 ||     5
 Stab: Sleeping          |     4 |     3 ||     7
Armor: Skin              |     5 |     2 ||     7
Dodge: Dodged            |    55 |    26 ||    81

Table legend: (Time is in decaauts)
 A = Elapsed time spent in this place.
 B = Non-inter-level travel time spent in this place.
 C = Inter-level travel time spent in this place.
 D = Time resting spent in this place.
 E = Time spent auto-exploring this place.
 F = Levels seen in this place.
 G = Mean time per level.
                   A        B        C        D        E       F      G
               +--------+--------+--------+--------+--------+-----+--------+
         Total |   3366 |   3298 |     68 |      6 |   2883 |   3 | 1122.0 |
       Dungeon |   3366 |   3298 |     68 |      6 |   2883 |   3 | 1122.0 |
               +--------+--------+--------+--------+--------+-----+--------+

Top non-repeatable levels by time:
     D:2: 1613 daAuts
     D:1: 1193 daAuts
     D:3: 560 daAuts
